 Dungeon Crawl Stone Soup version 0.25-a0-36-g303dd5b (webtiles) character file.

Game seed: 8197846674786578215, levelgen mode: deterministic

6 2tousent the Caller (level 1, -9/13 HPs)
             Began as a Demonspawn Wanderer on Oct 19, 2019.
             Mangled by a gnoll
             ... wielding a cursed -2 flail
              (10 damage)
             ... on level 1 of the Dungeon.
             The game lasted 00:00:37 (174 turns).

2tousent the Caller (Demonspawn Wanderer)            Turns: 174, Time: 00:00:38

Health: -9/13      AC:  2    Str: 14    XL:     1   Next: 75%
Magic:  2/3        EV: 11    Int: 12    God:
Gold:   0          SH:  0    Dex: 11    Spells: 3/4 levels left

rFire    . . .     SeeInvis .   a - +0 club
rCold    . . .     Gourm    .   (no shield)
rNeg     . . .     Faith    .   c - +0 robe
rPois    .         Spirit   .   (no helmet)
rElec    .         Reflect  .   (no cloak)
rCorr    .         Harm     .   (no gloves)
MR       .....                  (no boots)
Stlth    +.........             (no amulet)
HPRegen  0.04/turn              (no ring)
MPRegen  0.08/turn              (no ring)

@: very slightly contaminated
A: no striking features
a: no special abilities


You were on level 1 of the Dungeon.
You were not hungry.

You visited 1 branch of the dungeon, and saw 1 of its levels.

Inventory:

Hand Weapons
 a - a +0 club (weapon)
Armour
 c - a +0 robe (worn)
Scrolls
 b - a scroll of teleportation
 d - a scroll of amnesia {unknown}
 g - a scroll of identify {unknown}
Potions
 e - 2 potions of curing {unknown}
Comestibles
 f - 4 rations


   Skills:
 - Level 1.0 Throwing
   Level 1.0 Shields
 - Level 2.0 Spellcasting
   Level 2.0 Hexes
 * Level 2.6 Summonings
   Level 1.1 Necromancy
   Level 1.0 Air Magic


You had 3 spell levels left.
You knew the following spells:

 Your Spells              Type           Power        Failure   Level  Hunger
a - Summon Small Mammal   Summ           #...         10%         1    ##.....

Your spell library contained the following spells:

 Spells                   Type           Power        Failure   Level  Hunger
 Call Imp                 Summ           #.......     14%         2    ###....
 Call Canine Familiar     Summ           #.......     28%         3    ####...
 Summon Guardian Golem    Hex/Summ       #.......     32%         3    ####...
 Summon Lightning Spire   Summ/Air       #.......     78%         4    #####..
 Summon Ice Beast         Ice/Summ       #.......     85%         4    #####..


Dungeon Overview and Level Annotations

Branches:
Dungeon (1/15)

Altars:


Message History

You open the door.
There is an open door here.
Key pressed, stopping explore.
f - 4 rations (gained 1)
g - a scroll labeled LIGAMYETIL A gnoll comes into view.
It is wielding a -2 flail.
The gnoll shouts!
A gnoll is nearby!
Casting: Summon Small Mammal (safe; 10% risk of failure)
Confirm with . or Enter, or press ? or * to list all spells.
You miscast Summon Small Mammal.
You are very lightly contaminated with residual magic.
Nothing appears to happen.
You barely miss the gnoll.
The gnoll hits you with a cursed -2 flail!
Ouch! That really hurt!
* * * LOW HITPOINT WARNING * * *
The gnoll hits you with a cursed -2 flail!
Ouch! That really hurt!
You die...

##### #.####.......#
#...# #....#.#######
#.#.#######.#.#
#.#...........# ###
#.###########.#
..####.#...........#
#.##.#.#.####....###
#....#.#.#####.#.#
.###.#.#.......#@#
.# #...#########g#
.####### #.# ......#
#.# .####.## #.#
........ ..#
######.# ###


You could see a gnoll.

Vanquished Creatures
  2 goblins (D:1)
  3 bats (D:1)
  A rat (D:1)
6 creatures vanquished.

Notes
Turn   | Place    | Note
-------+----------+-------------------------------------------
     0 | D:1      | 2tousent the Demonspawn Wanderer began the quest for the
                  | Orb.
     0 | D:1      | 2tousent set off with the following items: a +0 club, a
                  | scroll of teleportation, a +0 robe, a ration; and the
                  | following spell memorised: Summon Small Mammal; and the
                  | following spells available to memorise: Call Imp, Call
                  | Canine Familiar, Summon Guardian Golem, Summon Lightning
                  | Spire, Summon Ice Beast
     0 | D:1      | Reached XP level 1. HP: 13/13 MP: 3/3
   174 | D:1      | Mangled by a gnoll

Levels and vault maps discovered:
D:1:      minmay_arrival_open_corners, layout_basic

Action                   || total
-------------------------++-------
Melee: Club              ||    14
Armor: Robe              ||     2
Dodge: Dodged            ||    11

Table legend:
 A = Non-vault XP
 B = Vault XP
 C = Vault XP percentage of total XP
 D = Non-vault monster count
 E = Vault monster count
 F = Vault count percentage of total count
                 A         B        C        D         E       F
            +---------+---------+-------+---------+---------+-------
      Total |       9 |       0 |   0.0 |       6 |       0 |   0.0
            +---------+---------+-------+---------+---------+-------
        D:1 |       9 |       0 |   0.0 |       6 |       0 |   0.0
            +---------+---------+-------+---------+---------+-------
